Map: Traitor's Exile

Players

MonstroTown - Winner!

  • Race: Terran Terran
  • Spawn Location: 5:00

Michael - Winner!

  • Race: Zerg Zerg
  • League: Platinum
  • Spawn Location: 6:00

Maks

  • Race: Terran Terran
  • Spawn Location: 12:00

hellferrero

  • Race: Zerg Zerg
  • Spawn Location: 9:00

VOD

Have the link to the VOD?

Description

Time

  • Played on: Oct. 12, 2018, 6:33 p.m.
  • Length: 8:55
Show
View Real Time Build Order
Export as new Build Order

MonstroTown Terran - Winner!

Build Orders: Reaper Expand 

Get SALT Encoding   

  12  0:01  SCV  
  13  0:13  SCV  
  14  0:18  Supply Depot  
  14  0:25  SCV  
  15  0:40  SCV  
  15  0:41  Barracks  
  16  0:46  Refinery  
  16  0:52  SCV  
  17  1:03  Barracks  
  17  1:05  SCV  
  18  1:17  SCV  
  19  1:29  Reaper  
  19  1:30  Orbital Command  
  20  2:01  Command Center  
  20  2:02  SCV  
  20  2:14  SCV  
  20  2:15  Supply Depot  
  21  2:16  Barracks Tech Lab  
  21  2:20  Marine  
  22  2:27  SCV  
  23  2:39  Stimpack  
  23  2:40  SCV  
  23  2:41  Marine  
  25  2:57  SCV  
  25  2:58  Marine  
  27  3:12  SCV  
  28  3:14  Marine  
  30  3:20  Refinery  
  30  3:21  Orbital Command  
  30  3:22  Factory  
  29  3:33  Marauder  
  30  3:43  Marine  
  30  3:45  Orbital Command  
  31  3:56  Marauder  
  31  3:58  Bunker  
  31  4:02  Barracks Reactor  
  33  4:06  Factory Tech Lab  
  33  4:09  Starport  
  33  4:14  SCV  
  34  4:17  SCV  
  34  4:20  Marauder  
  37  4:29  Engineering Bay x2  
  37  4:31  Barracks x2  
  37  4:41  Marine  
  37  4:42  Marine  
  37  4:43  Siege Tank, Marine  
  43  4:54  Medivac  
  43  4:56  SCV x2  
  45  5:00  Marine  
  45  5:01  Supply Depot  
  45  5:02  Marauder  
  43  5:08  SCV  
  44  5:15  SCV, Marine  
  46  5:22  Missile Turret  
  46  5:23  SCV, Terran Infantry Weapons Level 1  
  46  5:28  SCV  
  48  5:33  Terran Infantry Armor Level 1, Marine  
  48  5:34  Marine  
  50  5:35  Barracks Tech Lab  
  50  5:39  SCV  
  50  5:40  SCV  
  50  5:42  Refinery  
  52  5:43  Refinery  
  52  5:51  SCV  
  52  5:52  SCV  
  54  6:05  Supply Depot  
  54  6:06  Starport Tech Lab, Supply Depot  
  54  6:13  Missile Turret  
  54  6:26  SCV x2, Marine x2  
  54  6:27  Marauder x2  
  54  6:28  Siege Tank  
  65  6:38  SCV x2  
  67  6:46  Armory  
  67  6:48  Marauder, Marine  
  67  6:53  Supply Depot  
  70  6:55  Supply Depot  
  70  7:15  SCV x2, Marauder, Marine x4  
  78  7:24  Siege Tank  
  78  7:25  Raven  
  83  7:32  Marine x3  
  71  7:51  Marine x3  
  71  7:52  Marauder x2  
  77  8:09  Siege Tank, Medivac, Marine x3  
  85  8:17  Marauder x2  
  81  8:27  Marine x3  
  81  8:31  Command Center  
Show
View Real Time Build Order
Export as new Build Order

Michael Zerg - Winner!

Build Orders: Pool First 

Get SALT Encoding   

  12  0:01  Drone  
  13  0:12  Overlord  
  13  0:20  Drone  
  14  0:31  Drone x2  
  14  0:34  Drone  
  17  0:37  Extractor  
  16  0:45  Drone  
  17  0:52  Spawning Pool  
  17  0:56  Drone  
  17  1:07  Drone  
  18  1:26  Hatchery  
  18  1:28  Drone  
  18  1:40  Queen  
  18  1:43  Zergling x2  
  21  1:47  Zergling x2  
  21  1:54  Metabolic Boost  
  22  2:01  Overlord  
  22  2:19  Queen  
  24  2:23  Drone x3  
  27  2:33  Drone  
  28  2:40  Drone  
  29  2:48  Drone  
  29  2:49  Drone x3  
  32  3:17  Drone x3  
  32  3:18  Spine Crawler  
  32  3:19  Overlord x2  
  34  3:25  Spine Crawler  
  33  3:30  Queen  
  33  3:31  Spine Crawler  
  34  3:36  Extractor, Drone  
  34  3:38  Drone  
  36  3:41  Drone  
  36  3:49  Lair  
  36  4:01  Roach Warren  
  36  4:02  Drone  
  36  4:03  Evolution Chamber  
  36  4:04  Drone  
  36  4:07  Drone  
  37  4:14  Queen  
  37  4:16  Drone  
  40  4:19  Drone  
  41  4:34  Zergling x14  
  42  4:46  Zergling x8  
  42  4:47  Zergling x2  
  44  4:58  Drone x3  
  47  5:00  Drone  
  47  5:25  Glial Reconstitution  
  47  5:27  Zerg Ground Armor Level 1  
  48  5:28  Drone x2  
  48  5:29  Drone  
  48  5:31  Drone  
  48  5:33  Overlord x2  
  48  5:35  Overlord  
  51  5:51  Overlord  
  51  5:53  Roach x5  
  61  6:01  Queen  
  63  6:12  Spore Crawler  
  63  6:15  Spore Crawler  
  63  6:18  Roach  
  63  6:19  Roach x3  
  63  6:25  Drone x3  
  72  6:29  Extractor  
  72  6:31  Extractor  
  70  6:38  Drone x2  
  72  6:40  Drone  
  72  6:42  Drone, Hatchery  
  72  6:44  Drone  
  72  6:46  Drone  
  75  6:53  Drone, Hydralisk Den  
  75  7:10  Roach x4  
  75  7:12  Overlord  
  75  7:14  Overlord  
  83  7:28  Overlord x2  
  83  7:29  Overlord  
  63  7:50  Roach x7  
  69  8:00  Roach  
  69  8:01  Roach x2  
  75  8:05  Queen  
  75  8:09  Drone  
  75  8:10  Drone  
  75  8:12  Drone  
  80  8:25  Roach  
  80  8:26  Roach x3  
  86  8:39  Drone  
  86  8:40  Drone x2  
Show
View Real Time Build Order
Export as new Build Order

Maks Terran 

Build Orders:  

Get SALT Encoding   

  12  0:02  SCV  
  13  0:15  Supply Depot  
  13  0:21  SCV  
  14  0:33  SCV  
  15  0:39  Barracks  
  15  0:45  SCV  
  16  0:56  Barracks  
  16  1:00  SCV  
  17  1:09  Supply Depot  
  17  1:14  Refinery  
  17  1:15  SCV  
  18  1:27  Marine  
  20  1:36  Refinery  
  20  1:38  Orbital Command  
  19  1:45  Marine  
  20  2:00  Marine  
  21  2:13  Marine  
  22  2:17  Factory  
  22  2:18  Marine  
  22  2:22  SCV  
  24  2:35  SCV  
  25  2:47  Marine  
  25  2:50  Command Center, Marine  
  27  3:01  SCV  
  28  3:13  SCV  
  28  3:15  Factory Reactor  
  29  3:43  Starport  
  29  3:48  Supply Depot  
  29  3:50  Armory  
  29  4:02  Cyclone x2  
  35  4:07  Marine x2  
  37  4:28  Barracks Tech Lab  
  37  4:35  SCV, Barracks Reactor  
  37  4:36  SCV  
  37  4:53  Cyclone x2  
  38  5:02  SCV  
  38  5:03  Orbital Command  
  39  5:08  Refinery  
  39  5:13  Refinery  
  39  5:29  Starport Reactor  
  39  5:32  Supply Depot  
  39  5:34  Terran Vehicle Weapons Level 1  
  39  5:41  SCV x2  
  41  5:50  Cyclone  
  41  5:53  SCV  
  41  5:55  Cyclone  
  48  5:59  Marine  
  48  6:00  Marine  
  50  6:07  Medivac  
  50  6:09  Medivac  
  54  6:18  Engineering Bay  
  54  6:19  SCV x2  
  54  6:24  Cyclone  
  59  6:25  Marine  
  59  6:26  Marine  
  59  6:30  Stimpack  
  61  6:35  Cyclone  
  65  6:40  SCV x2  
  66  6:49  Sensor Tower  
  66  6:56  Marine x2  
  66  6:57  Marauder  
  70  7:07  Supply Depot  
  70  7:09  Supply Depot x2  
  70  7:28  Cyclone  
  73  7:40  Marauder, Marine x2  
  73  7:41  Cyclone  
  52  8:01  Cyclone  
  40  8:14  Widow Mine  
  33  8:20  SCV x2  
  33  8:22  Marine x2  
  33  8:24  Marauder  
  36  8:32  SCV x2  
Show
View Real Time Build Order
Export as new Build Order

hellferrero Zerg 

Build Orders: Pool First 

Get SALT Encoding   

  12  0:02  Drone  
  13  0:09  Drone  
  14  0:18  Overlord  
  14  0:37  Drone  
  14  0:38  Drone x2  
  17  0:49  Extractor  
  16  0:52  Spawning Pool, Drone  
  16  1:01  Drone  
  17  1:16  Drone  
  18  1:21  Overlord  
  18  1:40  Queen  
  18  1:41  Zergling x2  
  18  1:44  Zergling x2  
  22  1:57  Zergling x2  
  23  2:07  Zergling x2  
  24  2:22  Zergling x2  
  25  2:27  Hatchery  
  25  2:29  Metabolic Boost  
  24  2:34  Zergling x2  
  25  2:40  Zergling x2  
  24  3:24  Zergling x8  
  28  3:40  Zergling x2  
  29  3:47  Zergling x4  
  31  3:53  Zergling x6  
  34  3:59  Drone  
  35  4:03  Overlord, Drone  
  36  4:19  Roach Warren  
  36  4:20  Drone  
  36  4:23  Drone x2  
  35  4:50  Zergling x2  
  35  4:51  Zergling x14  
  35  4:52  Zergling x2  
  37  5:05  Zergling x2  
  37  5:06  Zergling x2  
  33  5:14  Drone  
  33  5:15  Drone  
  35  5:24  Drone  
  35  5:28  Extractor  
  35  5:31  Drone  
  35  5:34  Lair  
  36  5:36  Drone x2  
  36  5:41  Queen  
  40  5:47  Drone x3  
  40  5:48  Drone  
  44  5:51  Extractor  
  44  5:53  Extractor  
  42  6:19  Roach  
  42  6:23  Overlord x2  
  42  6:24  Overlord x2  
  44  6:41  Drone  
  45  6:47  Queen  
  45  6:48  Queen  
  45  6:50  Drone x2  
  45  6:51  Drone x2  
  45  6:52  Drone x4  
  57  7:05  Roach x5  
  66  7:27  Overlord x2  
  61  7:41  Roach x5  
  61  7:42  Roach x2  
  58  7:44  Roach x3  
  64  7:57  Roach  
  64  7:58  Roach  
  54  8:21  Zergling x6  
  54  8:22  Zergling x4  
  53  8:33  Zergling x4  
  53  8:34  Zergling x8  
Tags
 
Add a new tag
Caveats
  • Supply blocks, unpowered buildings, or Contaminate may cause inaccurate times.
  • Supply counts are checked every 10 seconds.